 Dungeon Crawl Stone Soup version 0.29.0-4-gdea44cf6ec (webtiles) character file.

Game seed: 13193984855731449070

29 RascalDebosk the Ogre Mage (level 3, -1/32 HPs)
             Began as an Ogre Hedge Wizard on Aug 26, 2022.
             Slain by an orc
             ... wielding a +0 hand axe
              (3 damage)
             ... on level 2 of the Dungeon.
             The game lasted 00:16:03 (1651 turns).

RascalDebosk the Ogre Mage (Ogre Hedge Wizard)      Turns: 1651, Time: 00:16:04

Health: -1/32      AC:  3    Str: 14    XL:     3   Next: 16%
Magic:  7/8        EV:  9    Int: 17    God:
Gold:   83         SH:  0    Dex:  8    Spells: 7/9 levels left

rFire   x . .      SeeInvis .   e - +0 hand axe
rCold   + . .      Faith    .   (no shield)
rNeg    . . .      Spirit   .   b - +0 robe
rPois   .          Reflect  .   c - +0 hat
rElec   .          Harm     .   (no cloak)
rCorr   .          Rampage  .   (gloves unavailable)
Will    .....                   (boots unavailable)
Stlth   +.........              (no amulet)
HPRegen 0.10/turn               i - ring of ice
MPRegen 0.11/turn               (no ring)

@: no status effects
A: large, unfitting armour, tough skin 1
a: no special abilities


You were on level 2 of the Dungeon.
You visited 1 branch of the dungeon, and saw 2 of its levels.

You collected 83 gold pieces.

Inventory:

Hand Weapons
 e - a +0 hand axe (weapon)
 n - a +2 short sword of draining
Armour
 b - a +0 robe (worn)
 c - a +0 hat (worn)
Jewellery
 i - a ring of ice (left hand)
Scrolls
 f - a scroll of acquirement {unknown}
 g - a scroll of immolation {unknown}
 h - a scroll of blinking {unknown}
 j - a scroll of teleportation {unknown}
 l - a scroll of enchant weapon {unknown}
 m - 2 scrolls of identify {unknown}
Potions
 a - 2 potions of curing {unknown}
 d - a potion of magic
 k - 3 potions of haste {unknown}


   Skills:
 + Level 0.9 Fighting
 + Level 0.5 Armour
 + Level 2.0 Dodging
 + Level 1.6 Stealth
 + Level 3.8 Spellcasting
 + Level 1.1 Conjurations
 + Level 1.1 Summonings
 + Level 1.2 Translocations


You had 7 spell levels left.
You knew the following spells:

 Your Spells              Type           Power      Damage    Failure   Level
a - Magic Dart            Conj           28%        1d4       10%         1
b - Slow                  Hex            12%        N/A       16%         1

Your spell library contained the following spells:

 Spells                   Type           Power      Damage    Failure   Level
 Blink                    Tloc           14%        N/A       14%         2
 Call Imp                 Summ           7%         N/A       16%         2
 Conjure Flame            Conj/Fire      5%         6-21      36%         3
 Mephitic Cloud           Conj/Pois/Air  4%         N/A       38%         3


Dungeon Overview and Level Annotations

Branches:
Dungeon (2/15)

Altars:


Innate Abilities, Weirdness & Mutations

You are too large for most types of armour.
You have tough skin. (AC +1)


Message History

You closely miss the orc.
The orc is lightly wounded.
The orc barely misses you.
You hit the orc.
The orc is moderately wounded.
The orc hits you with a +0 hand axe. x2
* * * LOW HITPOINT WARNING * * *
You hit the orc.
The orc is moderately wounded.
The orc hits you but does no damage.
You barely miss the orc.
The orc is lightly wounded.
The orc closely misses you.
You hit the orc but do no damage.
The orc is lightly wounded.
The orc hits you but does no damage. The orc barely misses you.
You hit the orc.
The orc is moderately wounded.
The orc misses you.
You hit the orc but do no damage.
The orc is moderately wounded.
The orc hits you with a +0 hand axe.
* * * LOW HITPOINT WARNING * * *
Aiming: Magic Dart (safe; 10% risk of failure)
Press: ? - help, Q - select action, (/) - cycle Shift-Dir - straight line, f - orc
Aim: an orc, wielding a +0 hand axe, wearing a +0 chain mail and quivering boomerangs (moderately wounded, 100% to hit)
The magic dart hits the orc.
The orc is moderately wounded.
The orc hits you with a +0 hand axe.
* * * LOW HITPOINT WARNING * * *
You hit the orc but do no damage.
The orc is moderately wounded.
The orc closely misses you. The orc barely misses you.
You hit the orc but do no damage.
The orc is moderately wounded.
The orc barely misses you.
You barely miss the orc.
The orc is moderately wounded.
The orc hits you with a +0 hand axe.
You die...

### ######### ##.#.# #.#.#
####### #.#.# # ##.....# #.#.# #
#......###.#.####### #
####!.................# #######
......$......##.####.# ......#
#...o..###.......... #####.#
#..@..# #.##.##.#.# # #..#
#...### #.##.##.#.# # #.## #...#
#.##......# # #.# #...#
#.##.##.#.# ####.# #...#
#.##.##.#.. ...#.#
#...######.........# ##.#.#
#######........#.#..#.##.#
....<###............[..)#..#.##.#
.#...............................


You could see an orc.

Vanquished Creatures
  3 bats (D:1)
  An endoplasm (D:1)
  7 goblins
  3 hobgoblins
  A quokka (D:2)
  5 ball pythons
  A frilled lizard (D:2)
  3 kobolds
  A rat (D:2)
25 creatures vanquished.

Vanquished Creatures (others)
  A plant (D:1)
1 creature vanquished.

Grand Total: 26 creatures vanquished

Notes
Turn   | Place    | Note
-------+----------+-------------------------------------------
     0 | D:1      | RascalDebosk the Ogre Hedge Wizard began the quest for the
                  | Orb.
     0 | D:1      | Reached XP level 1. HP: 16/16 MP: 5/5
     2 | D:1      | Learned a level 1 spell: Slow
    49 | D:1      | Reached skill level 1 in Conjurations
   347 | D:1      | Reached skill level 1 in Summonings
   347 | D:1      | Reached skill level 1 in Translocations
   353 | D:1      | Reached XP level 2. HP: 26/26 MP: 0/6
  1407 | D:2      | Reached XP level 3. HP: 32/32 MP: 5/8
  1651 | D:2      | Slain by an orc

Illustrated notes

Levels and vault maps discovered:
D:1:      dpeg_arrival_erosion, layout_rooms, serial_forest,
          infiniplex_forest_join, infiniplex_forest_lined_3,
          infiniplex_forest_lined_room_2, infiniplex_forest_lined_2,
          infiniplex_forest_end_3, infiniplex_forest_clump_medium,
          infiniplex_forest_corner_1
D:2:      layout_loops_cross, serial_shops, shop

Skill      XL: |  1  2 |
---------------+-------+-----
Conjurations   | 1 |  1.1
Summonings     | 1 |  1.1
Translocations | 1 |  1.2
Dodging        | 2 |  2.0
Fighting       | |  0.9
Armour         | |  0.5
Stealth        | |  1.6
Spellcasting   | |  3.8

Action                   || total
-------------------------++-------
Melee: Dagger            ||    10
       Punch             ||     1
       Hand axe          ||    73
 Cast: Magic Dart        ||    28
 Stab: Sleeping          ||     1
Armor: Robe              ||    24
Dodge: Dodged            ||    32
